 Dungeon Crawl Stone Soup version 0.29-a0-91-gdebf4667c2 (webtiles) character file.

Game seed: 6149494748271950506

77 enile the Nimble (level 4, 0/30 HPs)
             Began as a Gnoll Wanderer on Feb 8, 2022.
             Was a Follower of Hepliaklqana.
             Slain by a gnoll (9 damage)
             ... on level 2 of the Dungeon.
             The game lasted 00:04:05 (1317 turns).

enile the Nimble (Gnoll Wanderer)                   Turns: 1317, Time: 00:04:06

Health: 0/30       AC:  9    Str: 11    XL:     4   Next: 33%
Magic:  5/8        EV: 15    Int: 12    God:    Hepliaklqana [*.....]
Gold:   59         SH:  0    Dex: 13    Spells: 8/9 levels left

rFire   . . .      SeeInvis .   h - +2 mace (holy)
rCold   . . .      Faith    .   (no shield)
rNeg    . . .      Spirit   .   c - +2 leather armour
rPois   .          Reflect  .   (no helmet)
rElec   .          Harm     .   (no cloak)
rCorr   .          Rampage  .   (no gloves)
Will    .....                   (no boots)
Stlth   ++........              (no amulet)
HPRegen 0.10/turn               g - +4 ring of protection
MPRegen 0.11/turn               (no ring)

@: hasted, very quick
A: reduced essence, fangs 1, strong nose, distributed training
a: Renounce Religion, Recall Ancestor, Ancestor Identity


You were on level 2 of the Dungeon.
You worshipped Hepliaklqana.
Hepliaklqana was aware of your devotion.
You visited 1 branch of the dungeon, and saw 2 of its levels.

You collected 59 gold pieces.

Inventory:

Hand Weapons
 a - a +0 dagger
 h - a +2 mace of holy wrath (weapon)
 j - a +2 dagger of distortion
Armour
 c - a +2 leather armour (worn)
 i - a +0 cloak
Jewellery
 g - a +4 ring of protection (left hand)
Scrolls
 b - a scroll of vulnerability
 d - 3 scrolls of brand weapon
 e - 2 scrolls of identify
 f - a scroll of fear


   Skills:
 + Level 2.7 Fighting
 + Level 1.1 Short Blades
 + Level 1.1 Long Blades
 + Level 1.1 Axes
 + Level 1.1 Maces & Flails
 + Level 1.1 Polearms
 + Level 1.1 Staves
 + Level 1.1 Slings
 + Level 1.1 Bows
 + Level 1.1 Crossbows
 + Level 1.1 Throwing
 + Level 1.1 Armour
 + Level 8.5 Dodging
 + Level 2.5 Stealth
 + Level 1.1 Shields
 + Level 1.1 Unarmed Combat
 + Level 3.0 Spellcasting
 + Level 3.8 Conjurations
 + Level 0.8 Hexes
 + Level 0.8 Summonings
 + Level 0.8 Necromancy
 + Level 0.8 Translocations
 + Level 0.8 Transmutations
 + Level 0.8 Fire Magic
 + Level 0.8 Ice Magic
 + Level 0.8 Air Magic
 + Level 0.8 Earth Magic
 + Level 0.8 Poison Magic
 + Level 2.8 Invocations
 + Level 1.1 Evocations


You had 8 spell levels left.
You knew the following spells:

 Your Spells              Type           Power      Damage    Failure   Level
a - Magic Dart            Conj           44%        1d5       7%          1

Your spell library contained the following spells:

 Spells                   Type           Power      Damage    Failure   Level
 Foxfire                  Conj/Fire      28%        2x1d5     12%         1
 Shock                    Conj/Air       28%        1d4       12%         1
 Conjure Flame            Conj/Fire      7%         6-21      36%         3
 Stone Arrow              Conj/Erth      14%        3d7       36%         3
 Inner Flame              Hex/Fire       3%         N/A       56%         3
 Swiftness                Air            3%         N/A       56%         3
 Flame Wave               Conj/Fire      7%         2d5       77%         4
 Airstrike                Air            1%         N/A       92%         4


Dungeon Overview and Level Annotations

Branches:
Dungeon (2/15)

Altars:
Hepliaklqana

Shops:
D:2 :


Innate Abilities, Weirdness & Mutations

Your life essence is reduced to manifest your ancestor. (-10% HP)
You have very sharp teeth.
Your uncanny sense of smell can sniff out nearby items.
Your experience applies equally to all skills.


Message History

Nothing appears to happen.
Found a stone staircase leading up.
Casting: Magic Dart (safe; 7% risk of failure)
Confirm with . or Enter, or press ? or * to list all spells.
Okay, then.
A bat comes into view.
The gnoll barely misses you.
Your magical contamination has completely faded away.
There is a stone staircase leading up here.
The bat barely misses you. The bat closely misses you. The bat misses you.
The bat barely misses you. The bat hits you but does no damage.
The bat closely misses you.
You hit the bat.
You kill the bat!
The gnoll hits you with a +0 flail. The gnoll hits you with a +0 flail.
* * * LOW HITPOINT WARNING * * *
A hobgoblin comes into view.
Agathocles emerges from the mists of memory!
The gnoll closely misses Agathocles.
Agathocles barely misses the gnoll.
The gnoll hits Agathocles with a +0 flail!
g - a +4 ring of protection (left hand) Unknown command.
It was a potion of haste.
You feel yourself speed up.
The hobgoblin shouts!
You hear a shout!
Agathocles misses the gnoll.
The gnoll hits Agathocles with a +0 flail!
Agathocles is destroyed!
A hobgoblin comes into view.
You hear a shout!
You hear a shout!
The hobgoblin closely misses you.
You barely miss the hobgoblin.
A goblin comes into view. It is wielding a +0 club.
You sock the hobgoblin!
You kill the hobgoblin!
You closely miss the hobgoblin. The hobgoblin closely misses you.
The gnoll hits you with a +0 flail!
You die...

########
#......#
#.####.# #.# #.#
#.# #.#
#g####.##
#@##....######
#.#..........#
#g#........#.#.
#g#####<##.....
#.. #......#.
#.# #.###....
######+#.#......
#............#
.#........(.#


You could see a gnoll, a hobgoblin and a goblin.

Vanquished Creatures
  2 adders (D:2)
  3 gnolls
  3 giant cockroaches (D:1)
  4 goblins (D:1)
  2 hobgoblins
  4 jackals (D:1)
  2 quokkas (D:1)
  A ball python (D:2)
  A bat (D:2)
  2 frilled lizards (D:1)
  A kobold (D:1)
  4 rats (D:1)
29 creatures vanquished.

Vanquished Creatures (collateral kills)
  A kobold (D:1)
1 creature vanquished.

Vanquished Creatures (others)
  2 ancestors (D:2)
2 creatures vanquished.

Grand Total: 32 creatures vanquished

Notes
Turn   | Place    | Note
-------+----------+-------------------------------------------
     0 | D:1      | enile the Gnoll Wanderer began the quest for the Orb.
     0 | D:1      | enile set off with the following items: a +0 dagger, a
                  | scroll of vulnerability, a +2 leather armour; and the
                  | following spell memorised: Magic Dart; and the following
                  | spells available to memorise: Stone Arrow
     0 | D:1      | Reached XP level 1. HP: 17/17 MP: 4/4
   181 | D:1      | Reached XP level 2. HP: 9/23 MP: 0/5
   440 | D:1      | Reached XP level 3. HP: 20/28 MP: 0/7
   566 | D:1      | Found a faded altar of an unknown god.
   576 | D:1      | Prayed at the altar of an unknown god.
   576 | D:1      | Became a worshipper of Hepliaklqana the Forgotten
   576 | D:1      | Reached * piety under Hepliaklqana
  1130 | D:2      | Reached skill level 1 in Short Blades
  1130 | D:2      | Reached skill level 1 in Long Blades
  1130 | D:2      | Reached skill level 1 in Axes
  1130 | D:2      | Reached skill level 1 in Maces & Flails
  1130 | D:2      | Reached skill level 1 in Polearms
  1130 | D:2      | Reached skill level 1 in Staves
  1130 | D:2      | Reached skill level 1 in Slings
  1130 | D:2      | Reached skill level 1 in Bows
  1130 | D:2      | Reached skill level 1 in Crossbows
  1130 | D:2      | Reached skill level 1 in Throwing
  1130 | D:2      | Reached skill level 1 in Armour
  1130 | D:2      | Reached skill level 1 in Shields
  1130 | D:2      | Reached skill level 1 in Unarmed Combat
  1130 | D:2      | Reached skill level 1 in Evocations
  1187 | D:2      | Found Moesh's Book Shoppe.
  1236 | D:2      | Reached XP level 4. HP: 26/30 MP: 1/8
  1317 | D:2      | Slain by a gnoll

Illustrated notes

Levels and vault maps discovered:
D:1:      heliophobic_arrival_glass_houses, layout_basic,
          ebering_ecumenical_altar_hall
D:2:      layout_basic, serial_shops, nicolae_shop_behind_doors, uniq_robin

Skill      XL: |  1  2  3  4 |
---------------+-------------+-----
Short Blades   | 1 |  1.1
Long Blades    | 1 |  1.1
Axes           | 1 |  1.1
Maces & Flails | 1 |  1.1
Polearms       | 1 |  1.1
Staves         | 1 |  1.1
Slings         | 1 |  1.1
Bows           | 1 |  1.1
Crossbows      | 1 |  1.1
Throwing       | 1 |  1.1
Armour         | 1 |  1.1
Shields        | 1 |  1.1
Unarmed Combat | 1 |  1.1
Evocations     | 1 |  1.1
Spellcasting   | 3 |  3.0
Fighting       | |  2.7
Dodging        | |  8.5
Stealth        | |  2.5
Conjurations   | |  3.8
Hexes          | |  0.8
Summonings     | |  0.8
Necromancy     | |  0.8
Translocations | |  0.8
Transmutations | |  0.8
Fire Magic     | |  0.8
Ice Magic      | |  0.8
Air Magic      | |  0.8
Earth Magic    | |  0.8
Poison Magic   | |  0.8
Invocations    | |  2.8

Action                   |  1- 3 |  4- 6 || total
-------------------------+-------+-------++-------
Melee: Dagger            |    67 |       ||    67
       Bite              |     8 |     1 ||     9
       Punch             |     2 |     1 ||     3
       Mace              |    11 |     8 ||    19
 Cast: Magic Dart        |    37 |     2 ||    39
Invok: Recall Ancestor   |       |     1 ||     1
  Use: Scroll            |     2 |       ||     2
       Potion            |       |     1 ||     1
Armor: Leather armour    |    24 |     1 ||    25
Dodge: Dodged            |    69 |    10 ||    79

Table legend: (Time is in decaauts)
 A = Elapsed time spent in this place.
 B = Non-inter-level travel time spent in this place.
 C = Inter-level travel time spent in this place.
 D = Time resting spent in this place.
 E = Time spent auto-exploring this place.
 F = Levels seen in this place.
 G = Mean time per level.
                   A        B        C        D        E       F      G
               +--------+--------+--------+--------+--------+-----+--------+
         Total |   1318 |   1243 |     75 |      0 |    960 |   2 |  659.0 |
       Dungeon |   1318 |   1243 |     75 |      0 |    960 |   2 |  659.0 |
               +--------+--------+--------+--------+--------+-----+--------+

Top non-repeatable levels by time:
     D:1: 1052 daAuts
     D:2: 265 daAuts
